Connexion

DALLAS Stars vs CHICAGO Blackhawks (R2)

Created - 28 novembre 2023 at 07:28

Goals
1 2 3 T
DALLAS Stars 1 2 0 3
CHICAGO Blackhawks 0 0 0 0
Shots
1 2 3 T
DALLAS Stars 5 11 8 24
CHICAGO Blackhawks 7 5 5 17

GoalsPenalties
1st period
1. DALLAS Stars , William Karlsson 7 (Anthony Beauvillier 8, Mikhail Sergachev 21) at 8:58
Pius Suter (CHI) for Hooking (Minor) at 2:27
Tyler Bertuzzi (DAL) for Roughing (Minor) at 14:45
2nd period
2. DALLAS Stars , Tyler Bertuzzi 24 (Dylan Cozens 23, Darnell Nurse 27) at 7:49
3. DALLAS Stars , Morgan Frost 6 (Vladislav Gavrikov 13, Tanner Jeannot 6) at 13:38
Mac Weegar (CHI) for Interference (Minor) at 6:58
Kevin Hayes (DAL) for Roughing (Double Minor) at 7:18
Nick Suzuki (CHI) for Boarding (Minor) at 14:28
Brandon Carlo (CHI) for Tripping (Minor) at 19:36
3rd period
No Goal
Mikhail Sergachev (DAL) for High sticking (Minor) at 2:16
Brian Dumoulin (CHI) for Holding (Minor) at 4:31
Mac Weegar (CHI) for High sticking (Minor) at 5:45
Brian Dumoulin (CHI) for Interference (Minor) at 11:05
Oliver Wahlstrom (CHI) for Hooking (Minor) at 12:15
Goalie Stats
Cam Talbot (DAL), 17 saves from 17 shots - (1,000), W, 3-1-1, 60:00 minutes
John Gibson (CHI), 21 saves from 24 shots - (0,875), L, 15-11-0, 60:00 minutes
3 StarsOfficial
1 - Cam Talbot (DAL)
2 - Morgan Frost (DAL)
3 - William Karlsson (DAL)
Referees : Dan Marouelli and Dennis LaRue
Linesman : Brad Lazarowich and Darren Gibbs
Game Note
No Game Note
Finance
Level 1 -- Attendance: 6000 (100,00%) -- Ticket Income 744 000 $
Level 2 -- Attendance: 6091 (81,21%) -- Ticket Income 438 552 $
Level 3 -- Attendance: 2000 (100,00%) -- Ticket Income 112 000 $
Level 4 -- Attendance: 4000 (100,00%) -- Ticket Income 68 000 $
Luxury Box -- Attendance: 1000 (100,00%) -- Ticket Income 222 000 $
Game was played at the United Center.
Total Attendance: 19091 (93,13%)
Total Ticket Income: 1 584 552 $
Other Income: 316 910 $
Total Income: 1 901 462 $



Team Name Goals Shots Shots Attemp Shots Blocked PIM HIT PP PK FO%
DALLAS Stars 3244488260 / 8 (0%)047%
CHICAGO Blackhawks 01742516280 / 4 (0%)053%

DALLAS Stars
Player Name POS G A P +/- PIM HIT SHT SB MP PP MP PP SHT PK MP PK SHT FO% FOT
Anthony BeauvillierC/LW0111001010:310:0000:1800% 0
Blake ComeauLW/RW000101007:010:0000:0000% 0
Darnell NurseD0112001024:086:2413:2000% 0
Dylan CozensC0111013023:376:4504:18040% 20
Johan LarssonC/LW/RW0001031010:510:0000:380100% 1
Kevin HayesC/LW/RW0000441217:255:5310:4300% 1
Mathias NorlinderD0001020015:180:0000:5700% 0
Mikhail SergachevD0111231022:296:2411:5700% 0
Morgan FrostC101100107:010:0000:00050% 4
Neal PionkD0000010321:316:1502:5800% 0
Nick LeddyD0001004122:086:1533:2010% 0
Reilly SmithLW/RW0000002019:095:5412:0000% 1
Sebastien AhoC/LW/RW0000011020:326:4502:00033% 3
Tanner JeannotLW/RW011103007:010:0000:0000% 0
Tomas HertlC/LW0000022016:435:5400:00046% 13
Tyler BertuzziLW/RW1011224021:496:4522:39056% 9
Vladislav GavrikovD0111030214:250:0000:0400% 0
William KarlssonC/LW1011002010:210:0000:00071% 7
CHICAGO Blackhawks
Player Name POS G A P +/- PIM HIT SHT SB MP PP MP PP SHT PK MP PK SHT FO% FOT
Adam GaudetteC000000005:540:3400:0000% 1
Alexandre CarrierD0000011022:442:0716:5900% 0
Anton StralmanD0000011015:243:4910:0000% 0
Brandon CarloD000-3243122:043:4911:3400% 0
Brandon DuhaimeRW000002018:350:0003:1500% 0
Brian DumoulinD000-2450020:070:2204:4200% 0
Christian FischerC/RW000-1021017:452:4811:0100% 0
Connor MurphyD000-1031322:042:2916:5900% 0
Conor GarlandLW/RW000-1011019:490:2207:3000% 1
Evgenii DadonovRW000-100209:340:0000:0000% 0
J.T. CompherC/LW/RW0000010013:490:0007:54063% 16
Joonas DonskoiLW/RW000-101009:340:0000:0000% 0
Mac WeegarD0000450017:320:0005:0300% 0
Mathew BarzalC000-2002016:303:1020:00056% 16
Nick SuzukiC0000200015:222:3400:00064% 11
Oliver WahlstromLW000-1213015:373:3000:1000% 2
Pius SuterC/RW000-1211016:063:0803:44045% 11
Tage ThompsonLW/RW0000001015:302:4800:0900% 1



Play-by-Play

1st period


0:01 of 1st period - Dylan Cozens wins face-off versus Nick Suzuki in neutral zone.
0:34 of 1st period - Shot by Tyler Bertuzzi.
0:34 of 1st period - Shot Misses the Net.
1:22 of 1st period - Shot by Reilly Smith.
1:22 of 1st period - Shot Blocked by Connor Murphy.
1:29 of 1st period - Icing by Anton Stralman.
1:30 of 1st period - William Karlsson wins face-off versus Mathew Barzal in CHICAGO Blackhawks zone.
2:00 of 1st period - Mathias Norlinder is hit by Pius Suter.
2:27 of 1st period - Minor Penalty to Pius Suter for Hooking.
2:28 of 1st period - Dylan Cozens wins face-off versus J.T. Compher in CHICAGO Blackhawks zone.
2:42 of 1st period - Shot by Mikhail Sergachev.
2:42 of 1st period - Stopped by John Gibson with a rebound.
2:44 of 1st period - Shot by Darnell Nurse.
2:44 of 1st period - Stopped by John Gibson without a rebound.
2:45 of 1st period - J.T. Compher wins face-off versus Reilly Smith in CHICAGO Blackhawks zone.
2:45 of 1st period - J.T. Compher is hit by Tomas Hertl.
3:37 of 1st period - Connor Murphy is hit by Kevin Hayes and loses puck.
4:01 of 1st period - Sebastien Aho is hit by Mac Weegar and loses puck.
4:06 of 1st period - Shot by Darnell Nurse.
4:06 of 1st period - Shot Misses the Net.
4:11 of 1st period - Sebastien Aho is hit by Mac Weegar and loses puck.
4:27 of 1st period - Sebastien Aho is hit by Brian Dumoulin and loses puck.
4:37 of 1st period - Pius Suter is hit by Mathias Norlinder and loses puck.
4:45 of 1st period - Evgenii Dadonov is hit by Vladislav Gavrikov and loses puck.
4:54 of 1st period - Shot by Evgenii Dadonov.
4:54 of 1st period - Stopped by Cam Talbot with a rebound.
5:08 of 1st period - Joonas Donskoi is hit by Mathias Norlinder and loses puck.
5:21 of 1st period - Mathew Barzal is hit by Tanner Jeannot and loses puck.
5:32 of 1st period - Shot by Mathew Barzal.
5:32 of 1st period - Shot Misses the Net.
7:23 of 1st period - Shot by Adam Gaudette.
7:23 of 1st period - Shot Misses the Net.
7:47 of 1st period - Reilly Smith is hit by Oliver Wahlstrom and loses puck.
7:58 of 1st period - Shot by Conor Garland.
7:58 of 1st period - Deflect By Oliver Wahlstrom.
7:58 of 1st period - Stopped by Cam Talbot with a rebound.
8:40 of 1st period - Icing by Darnell Nurse.
8:41 of 1st period - Pius Suter wins face-off versus William Karlsson in DALLAS Stars zone.
8:58 of 1st period - Shot by Anthony Beauvillier.
8:58 of 1st period - Deflect By William Karlsson.
8:58 of 1st period - Goal by William Karlsson - DALLAS Stars : 1 - CHICAGO Blackhawks : 0.
8:59 of 1st period - Nick Suzuki wins face-off versus Dylan Cozens in neutral zone.
9:22 of 1st period - Shot by Christian Fischer.
9:22 of 1st period - Shot Misses the Net.
9:31 of 1st period - Christian Fischer is hit by Vladislav Gavrikov and loses puck.
9:57 of 1st period - Adam Gaudette is hit by Vladislav Gavrikov and loses puck.
10:54 of 1st period - Shot by Evgenii Dadonov.
10:54 of 1st period - Shot Misses the Net.
11:19 of 1st period - Shot by Evgenii Dadonov.
11:19 of 1st period - Stopped by Cam Talbot without a rebound.
11:20 of 1st period - Tomas Hertl wins face-off versus Oliver Wahlstrom in DALLAS Stars zone.
11:27 of 1st period - Shot by Reilly Smith.
11:27 of 1st period - Deflect By Tomas Hertl.
11:27 of 1st period - Stopped by John Gibson without a rebound.
11:28 of 1st period - Tomas Hertl wins face-off versus Nick Suzuki in CHICAGO Blackhawks zone.
11:41 of 1st period - Shot by Tomas Hertl.
11:41 of 1st period - Shot Misses the Net.
13:09 of 1st period - Mac Weegar is hit by Dylan Cozens and loses puck.
13:40 of 1st period - Shot by Dylan Cozens.
13:40 of 1st period - Stopped by John Gibson without a rebound.
13:41 of 1st period - Mathew Barzal wins face-off versus Tomas Hertl in CHICAGO Blackhawks zone.
13:52 of 1st period - Shot by Oliver Wahlstrom.
13:52 of 1st period - Shot Blocked by Neal Pionk.
13:54 of 1st period - Shot by Brandon Carlo.
13:54 of 1st period - Stopped by Cam Talbot without a rebound.
13:55 of 1st period - William Karlsson wins face-off versus Pius Suter in DALLAS Stars zone.
13:59 of 1st period - William Karlsson is hit by Brandon Carlo and loses puck.
14:45 of 1st period - Minor Penalty to Tyler Bertuzzi for Roughing.
14:46 of 1st period - Johan Larsson wins face-off versus Oliver Wahlstrom in DALLAS Stars zone.
14:55 of 1st period - Shot by Anton Stralman.
14:55 of 1st period - Shot Misses the Net.
15:33 of 1st period - Shot by Connor Murphy.
15:33 of 1st period - Stopped by Cam Talbot with a rebound.
15:41 of 1st period - Shot by Mathew Barzal.
15:41 of 1st period - Stopped by Cam Talbot without a rebound.
15:42 of 1st period - Mathew Barzal wins face-off versus Kevin Hayes in DALLAS Stars zone.
15:43 of 1st period - Shot by Alexandre Carrier.
15:43 of 1st period - Shot Blocked by Nick Leddy.
15:45 of 1st period - Shot by Mathew Barzal.
15:45 of 1st period - Stopped by Cam Talbot with a rebound.
15:47 of 1st period - Shot by Christian Fischer.
15:47 of 1st period - Shot Misses the Net.
16:04 of 1st period - Shot by Alexandre Carrier.
16:04 of 1st period - Shot Blocked by Kevin Hayes.
16:19 of 1st period - Nick Leddy is hit by Brandon Carlo and loses puck.
19:27 of 1st period - Tyler Bertuzzi is hit by Brandon Carlo and loses puck.
Goals for this period are 1 for DALLAS Stars vs 0 for CHICAGO Blackhawks.
Shots for this period are 5 for DALLAS Stars vs 7 for CHICAGO Blackhawks.

2nd period


0:01 of 2nd period - Nick Suzuki wins face-off versus Dylan Cozens in neutral zone.
0:12 of 2nd period - Shot by Dylan Cozens.
0:12 of 2nd period - Shot Misses the Net.
0:20 of 2nd period - Shot by Darnell Nurse.
0:20 of 2nd period - Deflect By Dylan Cozens.
0:20 of 2nd period - Shot Blocked by Connor Murphy.
0:22 of 2nd period - Shot by Tyler Bertuzzi.
0:22 of 2nd period - Shot Misses the Net.
0:24 of 2nd period - Shot by Sebastien Aho.
0:24 of 2nd period - Shot Blocked by Connor Murphy.
0:37 of 2nd period - Sebastien Aho is hit by Anton Stralman and loses puck.
2:26 of 2nd period - Shot by Anthony Beauvillier.
2:26 of 2nd period - Shot Misses the Net.
3:52 of 2nd period - Icing by Brian Dumoulin.
3:53 of 2nd period - Nick Suzuki wins face-off versus Morgan Frost in CHICAGO Blackhawks zone.
3:53 of 2nd period - Tage Thompson is hit by Tanner Jeannot and loses puck.
4:22 of 2nd period - Shot by Tage Thompson.
4:22 of 2nd period - Shot Misses the Net.
5:03 of 2nd period - Tomas Hertl is hit by Brian Dumoulin and loses puck.
5:08 of 2nd period - Shot by Tomas Hertl.
5:08 of 2nd period - Stopped by John Gibson without a rebound.
5:09 of 2nd period - William Karlsson wins face-off versus Pius Suter in CHICAGO Blackhawks zone.
5:26 of 2nd period - Shot by William Karlsson.
5:26 of 2nd period - Shot Misses the Net.
6:12 of 2nd period - Shot by Oliver Wahlstrom.
6:12 of 2nd period - Stopped by Cam Talbot with a rebound.
6:35 of 2nd period - Shot by Conor Garland.
6:35 of 2nd period - Stopped by Cam Talbot with a rebound.
6:58 of 2nd period - Minor Penalty to Mac Weegar for Interference.
6:59 of 2nd period - J.T. Compher wins face-off versus Tomas Hertl in CHICAGO Blackhawks zone.
7:05 of 2nd period - Icing by Kevin Hayes.
7:06 of 2nd period - Tomas Hertl wins face-off versus J.T. Compher in DALLAS Stars zone.
7:06 of 2nd period - Tomas Hertl is hit by J.T. Compher.
7:16 of 2nd period - Shot by Nick Leddy.
7:16 of 2nd period - Stopped by John Gibson without a rebound.
7:17 of 2nd period - J.T. Compher wins face-off versus Tomas Hertl in CHICAGO Blackhawks zone.
7:17 of 2nd period - J.T. Compher is hit by Kevin Hayes.
7:18 of 2nd period - Double Minor Penalty to Kevin Hayes for Roughing.
7:19 of 2nd period - Mathew Barzal wins face-off versus Tyler Bertuzzi in DALLAS Stars zone.
7:30 of 2nd period - Darnell Nurse is hit by Christian Fischer and loses puck.
7:47 of 2nd period - Shot by Dylan Cozens.
7:47 of 2nd period - Shot Misses the Net.
7:49 of 2nd period - Shot by Tyler Bertuzzi.
7:49 of 2nd period - Goal by Tyler Bertuzzi - DALLAS Stars : 2 - CHICAGO Blackhawks : 0.
7:50 of 2nd period - Mathew Barzal wins face-off versus Tyler Bertuzzi in neutral zone.
7:58 of 2nd period - Christian Fischer is hit by Mikhail Sergachev and loses puck.
8:35 of 2nd period - Shot by Sebastien Aho.
8:35 of 2nd period - Shot Blocked by Brandon Carlo.
8:37 of 2nd period - Shot by Reilly Smith.
8:37 of 2nd period - Shot Misses the Net.
8:39 of 2nd period - Shot by Darnell Nurse.
8:39 of 2nd period - Deflect By Sebastien Aho.
8:39 of 2nd period - Shot Misses the Net.
8:41 of 2nd period - Shot by Sebastien Aho.
8:41 of 2nd period - Stopped by John Gibson without a rebound.
8:42 of 2nd period - William Karlsson wins face-off versus Nick Suzuki in CHICAGO Blackhawks zone.
8:49 of 2nd period - Shot by Dylan Cozens.
8:49 of 2nd period - Stopped by John Gibson without a rebound.
8:50 of 2nd period - Nick Suzuki wins face-off versus Sebastien Aho in CHICAGO Blackhawks zone.
8:55 of 2nd period - Connor Murphy is hit by Sebastien Aho and loses puck.
9:12 of 2nd period - Shot by Anton Stralman.
9:12 of 2nd period - Stopped by Cam Talbot without a rebound.
9:13 of 2nd period - Nick Suzuki wins face-off versus Sebastien Aho in DALLAS Stars zone.
9:16 of 2nd period - Shot by Oliver Wahlstrom.
9:16 of 2nd period - Shot Misses the Net.
9:38 of 2nd period - Shot by Alexandre Carrier.
9:38 of 2nd period - Stopped by Cam Talbot without a rebound.
9:39 of 2nd period - Tyler Bertuzzi wins face-off versus Mathew Barzal in DALLAS Stars zone.
9:39 of 2nd period - Tyler Bertuzzi is hit by Christian Fischer.
9:50 of 2nd period - Off-side.
9:51 of 2nd period - Tyler Bertuzzi wins face-off versus Mathew Barzal in neutral zone.
10:01 of 2nd period - Shot by Brandon Carlo.
10:01 of 2nd period - Stopped by Cam Talbot with a rebound.
10:03 of 2nd period - Shot by Christian Fischer.
10:03 of 2nd period - Shot Misses the Net.
10:05 of 2nd period - Shot by Anton Stralman.
10:05 of 2nd period - Deflect By Mathew Barzal.
10:05 of 2nd period - Shot Misses the Net.
10:33 of 2nd period - Icing by Mathew Barzal.
10:34 of 2nd period - Tyler Bertuzzi wins face-off versus Mathew Barzal in CHICAGO Blackhawks zone.
11:19 of 2nd period - Mathias Norlinder is hit by Brandon Duhaime and loses puck.
11:23 of 2nd period - Vladislav Gavrikov is hit by Brandon Duhaime and loses puck.
11:35 of 2nd period - William Karlsson is hit by Mac Weegar and loses puck.
11:56 of 2nd period - Anthony Beauvillier is hit by Mac Weegar and loses puck.
13:24 of 2nd period - Shot by Dylan Cozens.
13:24 of 2nd period - Stopped by John Gibson without a rebound.
13:25 of 2nd period - Morgan Frost wins face-off versus Mathew Barzal in CHICAGO Blackhawks zone.
13:38 of 2nd period - Shot by Morgan Frost.
13:38 of 2nd period - Goal by Morgan Frost - DALLAS Stars : 3 - CHICAGO Blackhawks : 0.
13:39 of 2nd period - William Karlsson wins face-off versus Nick Suzuki in neutral zone.
14:28 of 2nd period - Minor Penalty to Nick Suzuki for Boarding.
14:29 of 2nd period - J.T. Compher wins face-off versus Dylan Cozens in CHICAGO Blackhawks zone.
15:02 of 2nd period - Shot by Tyler Bertuzzi.
15:02 of 2nd period - Stopped by John Gibson without a rebound.
15:03 of 2nd period - Tomas Hertl wins face-off versus J.T. Compher in CHICAGO Blackhawks zone.
15:08 of 2nd period - Shot by Tomas Hertl.
15:08 of 2nd period - Shot Misses the Net.
15:32 of 2nd period - Shot by Tomas Hertl.
15:32 of 2nd period - Shot Misses the Net.
16:44 of 2nd period - Shot by Anthony Beauvillier.
16:44 of 2nd period - Stopped by John Gibson without a rebound.
16:45 of 2nd period - Pius Suter wins face-off versus Morgan Frost in CHICAGO Blackhawks zone.
16:47 of 2nd period - Alexandre Carrier is hit by Blake Comeau and loses puck.
17:29 of 2nd period - Morgan Frost is hit by Connor Murphy and loses puck.
17:54 of 2nd period - Shot by Kevin Hayes.
17:54 of 2nd period - Shot Misses the Net.
17:56 of 2nd period - Shot by Reilly Smith.
17:56 of 2nd period - Stopped by John Gibson without a rebound.
17:57 of 2nd period - Dylan Cozens wins face-off versus Conor Garland in CHICAGO Blackhawks zone.
17:57 of 2nd period - Dylan Cozens is hit by Brian Dumoulin.
18:10 of 2nd period - Dylan Cozens is hit by Brian Dumoulin and loses puck.
19:08 of 2nd period - Kevin Hayes is hit by Brandon Carlo and loses puck.
19:22 of 2nd period - Kevin Hayes is hit by Brian Dumoulin.
19:36 of 2nd period - Minor Penalty to Brandon Carlo for Tripping.
19:37 of 2nd period - Dylan Cozens wins face-off versus Pius Suter in CHICAGO Blackhawks zone.
19:38 of 2nd period - Shot by Tyler Bertuzzi.
19:38 of 2nd period - Stopped by John Gibson without a rebound.
19:39 of 2nd period - J.T. Compher wins face-off versus Dylan Cozens in CHICAGO Blackhawks zone.
19:39 of 2nd period - J.T. Compher is hit by Tyler Bertuzzi.
19:59 of 2nd period - Mac Weegar is hit by Tyler Bertuzzi and loses puck.
Goals for this period are 2 for DALLAS Stars vs 0 for CHICAGO Blackhawks.
Shots for this period are 11 for DALLAS Stars vs 5 for CHICAGO Blackhawks.

3rd period


0:01 of 3rd period - Sebastien Aho wins face-off versus J.T. Compher in neutral zone.
0:01 of 3rd period - Sebastien Aho is hit by Conor Garland.
0:37 of 3rd period - Shot by Sebastien Aho.
0:37 of 3rd period - Shot Misses the Net.
1:24 of 3rd period - Shot by Kevin Hayes.
1:24 of 3rd period - Stopped by John Gibson without a rebound.
1:25 of 3rd period - Pius Suter wins face-off versus Dylan Cozens in CHICAGO Blackhawks zone.
1:31 of 3rd period - Icing by Dylan Cozens.
1:32 of 3rd period - Dylan Cozens wins face-off versus Pius Suter in DALLAS Stars zone.
1:42 of 3rd period - Icing by Tage Thompson.
1:43 of 3rd period - Tomas Hertl wins face-off versus Tage Thompson in CHICAGO Blackhawks zone.
1:43 of 3rd period - Nick Leddy is hit by Connor Murphy and loses puck.
2:04 of 3rd period - Shot by Nick Suzuki.
2:04 of 3rd period - Shot Blocked by Kevin Hayes.
2:11 of 3rd period - Off-side.
2:12 of 3rd period - Pius Suter wins face-off versus Dylan Cozens in neutral zone.
2:16 of 3rd period - Minor Penalty to Mikhail Sergachev for High sticking.
2:17 of 3rd period - Nick Suzuki wins face-off versus Tyler Bertuzzi in DALLAS Stars zone.
2:51 of 3rd period - Off-side.
2:52 of 3rd period - Mathew Barzal wins face-off versus Tyler Bertuzzi in neutral zone.
3:01 of 3rd period - Shot by Mathew Barzal.
3:01 of 3rd period - Shot Misses the Net.
3:15 of 3rd period - Shot by Connor Murphy.
3:15 of 3rd period - Shot Blocked by Neal Pionk.
3:19 of 3rd period - Shot by Alexandre Carrier.
3:19 of 3rd period - Shot Blocked by Neal Pionk.
3:21 of 3rd period - Shot by Christian Fischer.
3:21 of 3rd period - Stopped by Cam Talbot with a rebound.
3:37 of 3rd period - Shot by Christian Fischer.
3:37 of 3rd period - Shot Misses the Net.
4:11 of 3rd period - Shot by Nick Leddy.
4:11 of 3rd period - Stopped by John Gibson without a rebound.
4:12 of 3rd period - Tyler Bertuzzi wins face-off versus Mathew Barzal in CHICAGO Blackhawks zone.
4:31 of 3rd period - Minor Penalty to Brian Dumoulin for Holding.
4:32 of 3rd period - J.T. Compher wins face-off versus Tomas Hertl in CHICAGO Blackhawks zone.
5:12 of 3rd period - Shot by Neal Pionk.
5:12 of 3rd period - Shot Misses the Net.
5:14 of 3rd period - Shot by Nick Leddy.
5:14 of 3rd period - Shot Blocked by Brandon Duhaime.
5:16 of 3rd period - Shot by Reilly Smith.
5:16 of 3rd period - Stopped by John Gibson without a rebound.
5:17 of 3rd period - J.T. Compher wins face-off versus Dylan Cozens in CHICAGO Blackhawks zone.
5:45 of 3rd period - Minor Penalty to Mac Weegar for High sticking.
5:46 of 3rd period - Tomas Hertl wins face-off versus J.T. Compher in CHICAGO Blackhawks zone.
6:39 of 3rd period - Shot by Nick Leddy.
6:39 of 3rd period - Stopped by John Gibson without a rebound.
6:40 of 3rd period - Pius Suter wins face-off versus Dylan Cozens in CHICAGO Blackhawks zone.
6:48 of 3rd period - Icing by Dylan Cozens.
6:49 of 3rd period - Tyler Bertuzzi wins face-off versus Pius Suter in DALLAS Stars zone.
7:49 of 3rd period - Shot by William Karlsson.
7:49 of 3rd period - Stopped by John Gibson without a rebound.
7:50 of 3rd period - Nick Suzuki wins face-off versus Tomas Hertl in CHICAGO Blackhawks zone.
7:50 of 3rd period - Nick Suzuki is hit by Kevin Hayes.
8:17 of 3rd period - Connor Murphy is hit by Mikhail Sergachev and loses puck.
9:47 of 3rd period - Sebastien Aho is hit by Mac Weegar.
9:57 of 3rd period - Shot by Tyler Bertuzzi.
9:57 of 3rd period - Stopped by John Gibson without a rebound.
9:58 of 3rd period - Morgan Frost wins face-off versus Adam Gaudette in CHICAGO Blackhawks zone.
10:36 of 3rd period - Off-side.
10:37 of 3rd period - Dylan Cozens wins face-off versus Mathew Barzal in neutral zone.
10:50 of 3rd period - Shot by Oliver Wahlstrom.
10:50 of 3rd period - Stopped by Cam Talbot with a rebound.
11:05 of 3rd period - Minor Penalty to Brian Dumoulin for Interference.
11:06 of 3rd period - J.T. Compher wins face-off versus Tomas Hertl in CHICAGO Blackhawks zone.
12:15 of 3rd period - Minor Penalty to Oliver Wahlstrom for Hooking.
12:16 of 3rd period - Dylan Cozens wins face-off versus J.T. Compher in CHICAGO Blackhawks zone.
12:19 of 3rd period - Shot by Nick Leddy.
12:19 of 3rd period - Stopped by John Gibson without a rebound.
12:20 of 3rd period - J.T. Compher wins face-off versus Dylan Cozens in CHICAGO Blackhawks zone.
13:21 of 3rd period - Reilly Smith is hit by Alexandre Carrier and loses puck.
13:49 of 3rd period - Off-side.
13:50 of 3rd period - J.T. Compher wins face-off versus Dylan Cozens in neutral zone.
14:19 of 3rd period - Brandon Carlo is hit by Johan Larsson and loses puck.
15:07 of 3rd period - Nick Suzuki is hit by Tanner Jeannot and loses puck.
15:37 of 3rd period - Shot by Evgenii Dadonov.
15:37 of 3rd period - Shot Misses the Net.
15:39 of 3rd period - Shot by Evgenii Dadonov.
15:39 of 3rd period - Shot Misses the Net.
15:45 of 3rd period - Shot by Pius Suter.
15:45 of 3rd period - Stopped by Cam Talbot without a rebound.
15:46 of 3rd period - Mathew Barzal wins face-off versus Dylan Cozens in DALLAS Stars zone.
16:10 of 3rd period - Icing by Alexandre Carrier.
16:11 of 3rd period - Mathew Barzal wins face-off versus Tomas Hertl in CHICAGO Blackhawks zone.
16:11 of 3rd period - Mathew Barzal is hit by Tomas Hertl.
16:27 of 3rd period - Shot by Conor Garland.
16:27 of 3rd period - Shot Blocked by Vladislav Gavrikov.
17:19 of 3rd period - Vladislav Gavrikov is hit by Joonas Donskoi and loses puck.
17:34 of 3rd period - Anton Stralman is hit by Kevin Hayes and loses puck.
17:55 of 3rd period - Shot by Tage Thompson.
17:55 of 3rd period - Stopped by Cam Talbot with a rebound.
18:03 of 3rd period - Shot by Christian Fischer.
18:03 of 3rd period - Shot Misses the Net.
18:18 of 3rd period - Shot by Tage Thompson.
18:18 of 3rd period - Shot Blocked by Vladislav Gavrikov.
18:20 of 3rd period - Shot by Brandon Carlo.
18:20 of 3rd period - Stopped by Cam Talbot without a rebound.
18:21 of 3rd period - Mathew Barzal wins face-off versus Dylan Cozens in DALLAS Stars zone.
18:24 of 3rd period - Shot by Conor Garland.
18:24 of 3rd period - Deflect By Oliver Wahlstrom.
18:24 of 3rd period - Shot Misses the Net.
18:26 of 3rd period - Shot by Alexandre Carrier.
18:26 of 3rd period - Shot Misses the Net.
18:31 of 3rd period - Conor Garland is hit by Mikhail Sergachev and loses puck.
19:03 of 3rd period - Icing by Alexandre Carrier.
19:04 of 3rd period - Mathew Barzal wins face-off versus William Karlsson in CHICAGO Blackhawks zone.
19:04 of 3rd period - Mathew Barzal is hit by Johan Larsson.
19:09 of 3rd period - Mathew Barzal is hit by Neal Pionk.
19:19 of 3rd period - Alexandre Carrier is hit by Johan Larsson.
19:45 of 3rd period - Nick Leddy is hit by Connor Murphy and loses puck.
19:48 of 3rd period - Shot by Johan Larsson.
19:48 of 3rd period - Stopped by John Gibson without a rebound.
19:49 of 3rd period - Dylan Cozens wins face-off versus Pius Suter in CHICAGO Blackhawks zone.
Goals for this period are 0 for DALLAS Stars vs 0 for CHICAGO Blackhawks.
Shots for this period are 8 for DALLAS Stars vs 5 for CHICAGO Blackhawks.